[Event "Team 45 45 League T35"]
[Site "Internet Chess Club"]
[Date "2007.10.27"]
[Round "1"]
[White "demo05"]
[Black "Rainbird"]
[Result "1-0"]
[WhiteElo "1856"]
[BlackElo "1774"]
[Opening "French: advance, Steinitz variation"]
[ECO "C02"]
[Time "09:00:45"]
[TimeControl "2700+45"]

1. e4 e6 2. d4 d5 3. e5 c5 4. dxc5 Nc6 5. Nf3 Bxc5 6. Bd3 Nge7 7. O-O Ng6 8. Qe2
Qc7 9. Re1 Nd4 10. Qd1 O-O 11. Nxd4 Bxd4 12. Bxg6 Bxe5 13. Bxh7+ {Black resigns}
1-0

[Event "Team 45 45 League T35"]
[Site "Internet Chess Club"]
[Date "2007.10.20"]
[Round "1"]
[White "blooddrunk"]
[Black "SRS"]
[Result "0-1"]
[WhiteElo "1776"]
[BlackElo "1841"]
[Opening "Sicilian: dragon variation"]
[ECO "B70"]
[Time "17:02:30"]
[TimeControl "2700+45"]

1. e4 c5 2. Nf3 d6 3. d4 cxd4 4. Nxd4 Nf6 5. Nc3 g6 6. Bc4 Bg7 7. h3 Qb6 8. f3
Nxe4 9. Be3 Nxc3 10. bxc3 Qc7 11. Qd3 O-O 12. O-O Nc6 13. Nb5 Qa5 14. Bb3 Bf5
15. Qc4 Rac8 16. Qa4 Qxa4 17. Bxa4 a6 18. Nd4 Nxd4 19. cxd4 b5 20. Bb3 Bxc2 21.
Bxc2 Rxc2 {White resigns} 0-1

[Event "Team 45 45 League T35"]
[Site "Internet Chess Club"]
[Date "2007.10.21"]
[Round "1"]
[White "Konstantinos"]
[Black "corsair"]
[Result "1/2-1/2"]
[WhiteElo "1606"]
[BlackElo "1706"]
[Opening "QGD: 4.Nf3"]
[ECO "D37"]
[Time "05:03:18"]
[TimeControl "2700+45"]

1. d4 d5 2. c4 e6 3. Nc3 Nf6 4. Nf3 Be7 5. e3 Nbd7 6. Be2 b6 7. cxd5 exd5 8. O-O
O-O 9. Re1 Bb7 10. Qc2 Rc8 11. a3 c5 12. dxc5 Nxc5 13. Nd4 Qd7 14. Bd2 a6 15.
Rac1 Ne6 16. Qb3 Bc5 17. Nxe6 Qxe6 18. Bf3 Qd6 19. Na4 Ba8 20. Nxc5 bxc5 21. Bc3
Rb8 22. Qc2 Rfc8 23. Red1 Rd8 24. Rd2 Rd7 25. Bxf6 Qxf6 26. Qxc5 Rbd8 27. Rd4
Bb7 28. Qa5 h6 29. Rcd1 Rd6 30. b4 Qe6 31. h3 Qd7 32. e4 Qe6 33. exd5 Qe5 34.
Re4 Qf6 35. Red4 Bc8 36. R4d2 Bxh3 37. Qc5 Bf5 38. Qd4 Qg6 39. Re1 Rf6 40. Be4
Re8 41. Rde2 Qg4 42. Qd3 Rg6 43. Qf3 Rxe4 44. Qxg4 Rexg4 45. Re8+ Kh7 46. g3 Rd4
47. Rf8 Rxd5 48. Rxf7 Rgd6 49. Ree7 Rd1+ 50. Kh2 Kg6 51. Rxg7+ Kf6 52. Rgf7+ Kg5
53. Re5 Rf6 54. Rg7+ Rg6 55. Rf7 Rf6 56. Rg7+ Rg6 57. Rf7 Rf6 {Game drawn by
repetition} 1/2-1/2

[Event "Team 45 45 League T35"]
[Site "Internet Chess Club"]
[Date "2007.10.19"]
[Round "1"]
[White "ETwoEFour"]
[Black "VentasD"]
[Result "1/2-1/2"]
[WhiteElo "2124"]
[BlackElo "2164"]
[Opening "Caro-Kann: advance variation"]
[ECO "B12"]
[Time "11:59:21"]
[TimeControl "2700+45"]

1. e4 c6 2. d4 d5 3. e5 Bf5 4. Nf3 e6 5. a3 c5 6. Bb5+ Nc6 7. O-O a6 8. Bxc6+
bxc6 9. c3 c4 10. Re1 Qb6 11. Nbd2 Rb8 12. Nf1 h6 13. Nh4 Bd3 14. b4 Ne7 15. Ng3
g6 16. Qg4 Bg7 17. Nh5 gxh5 18. Qxg7 Rh7 19. Qf6 Kd7 20. Re3 Rg8 21. Rg3 Qd8 22.
Bxh6 Nf5 23. Rxg8 Qxg8 24. Nxf5 Bxf5 25. Bg5 Qe8 26. f3 Rh8 27. Bh4 Rg8 28. Qh6
Rh8 29. Qg5 Kc7 30. a4 Kb6 31. Qc1 Qd7 32. Bf6 Rg8 33. Qh6 Bg6 34. Qg5 Re8 35.
Qd2 Rb8 36. Qg5 Re8 37. Ra2 Ka7 38. a5 Rb8 39. Qh4 Qe8 40. Kh1 Qg8 41. Ra1 Re8
42. Be7 Kb7 43. Bf6 {Game drawn by mutual agreement} 1/2-1/2

[Event "Team 45 45 League T35"]
[Site "Internet Chess Club"]
[Date "2007.10.18"]
[Round "1"]
[White "Ghashgork"]
[Black "WillsGambit"]
[Result "1-0"]
[WhiteElo "1673"]
[BlackElo "1691"]
[Opening "Scandinavian (center counter) defense"]
[ECO "B01"]
[Time "13:20:46"]
[TimeControl "2700+45"]

1. e4 d5 2. exd5 c6 3. dxc6 Qc7 4. Nf3 Nf6 5. Nc3 a6 6. g3 bxc6 7. Bg2 Bb7 8. d3
Nbd7 9. O-O h5 10. Be3 h4 11. Nxh4 Rxh4 12. gxh4 e5 13. Ne4 O-O-O 14. Nxf6 gxf6
15. Qg4 Bd6 16. f4 exf4 17. Bxf4 Kb8 18. Bxd6 Qxd6 19. Qf4 Ne5 20. d4 Qxd4+ 21.
Qxd4 Rxd4 22. Rad1 Rg4 23. Kh1 Rxh4 24. h3 c5 25. Bxb7 Kxb7 26. Kg2 Rh6 27. b3
{Black resigns} 1-0

[Event "Team 45 45 League T35"]
[Site "Internet Chess Club"]
[Date "2007.10.22"]
[Round "1"]
[White "Klampin"]
[Black "gezira"]
[Result "1-0"]
[WhiteElo "2002"]
[BlackElo "1858"]
[Opening "King's Indian: Torre attack"]
[ECO "A48"]
[Time "14:20:27"]
[TimeControl "2700+45"]

1. d4 Nf6 2. Nf3 g6 3. Bg5 Bg7 4. Nbd2 O-O 5. e4 d6 6. Bd3 h6 7. Bh4 Nbd7 8. O-O
e5 9. c3 g5 10. Bg3 Nh5 11. Qe2 Nf4 12. Bxf4 exf4 13. h3 Re8 14. Rae1 Nf8 15.
Nh2 Be6 16. b3 c6 17. a4 a6 18. Qh5 Qd7 19. Ng4 Bxg4 20. Qxg4 Qxg4 21. hxg4 b5
22. Nf3 Nd7 23. Ra1 Nf6 24. axb5 axb5 25. Rxa8 Rxa8 26. e5 dxe5 27. Nxe5 Rc8 28.
Ra1 Nd5 29. Bf5 Rc7 30. Ra8+ Bf8 31. Nd7 Rxd7 32. Bxd7 Nxc3 33. Kf1 Ne4 34. Ke1
Nf6 35. Bxc6 Nxg4 36. Bxb5 Kg7 37. Bc4 Bb4+ 38. Ke2 f5 39. Ra6 Nf6 40. Be6 Kg6
41. d5 Ne8 42. Kd3 Nd6 43. Kd4 Kf6 44. Rb6 Ba3 45. b4 Bb2+ 46. Kc5 Ne4+ 47. Kc6
Nxf2 48. Rb8 g4 49. Rf8+ Ke5 50. Rxf5+ Ke4 51. d6 Nd3 52. d7 f3 53. gxf3+ gxf3
54. d8=Q Nxb4+ 55. Kb5 Bc3 56. Qh4+ {Black resigns} 1-0

[Event "Team 45 45 League T35"]
[Site "Internet Chess Club"]
[Date "2007.10.21"]
[Round "1"]
[White "goldenboy2"]
[Black "Vitruvian"]
[Result "1-0"]
[WhiteElo "1914"]
[BlackElo "1820"]
[Opening "Alekhine's defense: exchange variation"]
[ECO "B03"]
[Time "15:07:44"]
[TimeControl "2700+45"]

1. e4 Nf6 2. e5 Nd5 3. d4 d6 4. c4 Nb6 5. exd6 exd6 6. Bd3 Be7 7. Nc3 Nc6 8.
Nge2 Bg4 9. Be3 Bf6 10. f3 Bh5 11. Qd2 Nb4 12. Nf4 Nxd3+ 13. Qxd3 Bg6 14. Nxg6
hxg6 15. O-O-O Qd7 16. c5 Nc8 17. Qe4+ Qe7 18. Qxb7 Qxe3+ 19. Kb1 O-O 20. Qxa8
dxc5 21. Nd5 Qg5 22. Nxf6+ Qxf6 23. Qe4 cxd4 24. Qxd4 Qg5 25. g3 Nd6 26. g4 Rb8
27. h4 Qb5 28. Rc1 Qb7 29. Rhf1 a5 30. Rf2 Nb5 31. Qc5 a4 32. Qc6 Qa7 33. Qc5
Qb7 34. Ka1 Rd8 35. Rfc2 Nd4 36. Rc4 Ne2 37. Re1 Qxf3 38. Rxa4 Nc3 39. Rd4 Rxd4
40. Qxd4 Nb5 41. Qd8+ Kh7 42. Qd7 c6 43. Rc1 Qf4 44. Qxc6 Nd4 45. Qc4 Qxg4 46.
a4 Qf4 47. Rd1 {Black resigns} 1-0

[Event "Team 45 45 League T35"]
[Site "Internet Chess Club"]
[Date "2007.10.22"]
[Round "1"]
[White "gugamircea"]
[Black "rayonline53"]
[Result "0-1"]
[WhiteElo "1672"]
[BlackElo "1586"]
[Opening "King's pawn opening"]
[ECO "B07"]
[Time "13:01:32"]
[TimeControl "2700+45"]

1. e4 d6 2. d4 g6 3. Bc4 Bg7 4. Nf3 Nf6 5. O-O O-O 6. Nc3 c5 7. d5 a6 8. a4 Nbd7
9. Re1 Ng4 10. Bf4 Nge5 11. Bf1 Nxf3+ 12. Qxf3 Ne5 13. Qg3 Qc7 14. Be2 Bd7 15.
h4 c4 16. h5 b5 17. a5 Rae8 18. Be3 Bc8 19. hxg6 fxg6 20. f4 Nd7 21. Bg4 Nc5 22.
Bf3 Rf7 23. Kh2 Ref8 24. Rh1 Bh6 25. Kg1 Bxf4 26. Bxf4 Rxf4 27. Qh2 R4f7 28. Kf2
Nd7 29. Ne2 Ne5 30. Nd4 Ng4+ 31. Ke2 Nxh2 32. Rxh2 Bd7 33. Rah1 Qc8 34. Rh4 Rg7
35. Kd2 b4 36. c3 Qc5 37. Ra1 bxc3+ 38. bxc3 Rb8 39. Bg4 Bxg4 40. Rxg4 Rf7 41.
Rg3 Rb2+ 42. Kc1 Rbf2 43. Ne6 Rf1+ 44. Kc2 Qf2# {White checkmated} 0-1

[Event "Team 45 45 League T35"]
[Site "Internet Chess Club"]
[Date "2007.10.21"]
[Round "1"]
[White "Checkmates"]
[Black "MBelli"]
[Result "1/2-1/2"]
[WhiteElo "2394"]
[BlackElo "2530"]
[Opening "King's Indian: Petrosian system, Stein variation"]
[ECO "E92"]
[Time "00:29:48"]
[TimeControl "2700+45"]

1. d4 Nf6 2. c4 g6 3. Nc3 Bg7 4. e4 d6 5. Nf3 O-O 6. Be2 e5 7. d5 a5 8. Bg5 h6
9. Bh4 Na6 10. Nd2 Qe8 11. O-O Nh7 12. a3 Bd7 13. Kh1 h5 14. f3 Bh6 15. b3 Qb8
16. Bf2 f5 17. Qc2 Qd8 18. Rab1 Qg5 19. Rfd1 h4 20. b4 axb4 21. axb4 Nf6 22. c5
Nh5 23. Bd3 {Game drawn by mutual agreement} 1/2-1/2

[Event "Team 45 45 League T35"]
[Site "Internet Chess Club"]
[Date "2007.10.21"]
[Round "1"]
[White "Gregorio"]
[Black "KingDestroyer"]
[Result "0-1"]
[WhiteElo "2045"]
[BlackElo "2225"]
[Opening "Sicilian defense"]
[ECO "B40"]
[Time "19:19:46"]
[TimeControl "2700+45"]

1. e4 c5 2. Nf3 e6 3. c3 Nf6 4. e5 Nd5 5. d4 cxd4 6. cxd4 d6 7. Bd2 Bd7 8. Nc3
Bc6 9. Be2 Nd7 10. O-O Be7 11. Ne4 dxe5 12. dxe5 Qc7 13. Nc3 Nxe5 14. Nxd5 Bxd5
15. Nxe5 Qxe5 16. Bb5+ Kf8 17. Bc3 Qg5 18. f3 Rd8 19. Qe2 h5 20. Rfd1 Bf6 21.
Bb4+ Kg8 22. Rac1 Qe5 23. Qxe5 Bxe5 24. Be7 Ra8 25. b3 Kh7 26. Bd7 Kg6 27. Rd3
f6 28. g3 Kf7 29. Bb4 h4 30. f4 hxg3 31. Rxd5 gxh2+ 32. Kg2 Bxf4 33. Rdd1 Bxc1
34. Rxc1 Rad8 35. Bb5 Rc8 36. Rh1 Rc2+ 37. Kg3 Rxa2 38. Bc4 Rc2 39. Bd6 a6 40.
Bb4 b5 {White resigns} 0-1

[Event "Team 45 45 League T35"]
[Site "Internet Chess Club"]
[Date "2007.10.20"]
[Round "1"]
[White "jorobo"]
[Black "baumhauer"]
[Result "1-0"]
[WhiteElo "2133"]
[BlackElo "2028"]
[Opening "English: Mikenas-Carls, Flohr variation"]
[ECO "A18"]
[Time "03:03:26"]
[TimeControl "2700+45"]

1. c4 Nf6 2. Nc3 e6 3. e4 d5 4. e5 d4 5. exf6 dxc3 6. bxc3 Qxf6 7. d4 Bd6 8. Nf3
h6 9. Bd3 O-O 10. Qe2 Re8 11. O-O Nc6 12. Re1 Bf4 13. Qe4 Bxc1 14. Qh7+ Kf8 15.
Raxc1 g5 16. Ne5 Nxe5 17. Rxe5 Bd7 18. Rce1 Bc6 19. Be4 Bxe4 20. Qxe4 c6 21. Re3
Rad8 22. Rf3 Qg7 23. Rxe6 g4 24. Rf5 Qh7 25. Ree5 c5 26. g3 h5 27. Qxb7 cxd4 28.
cxd4 Rxe5 29. Rxe5 Qb1+ 30. Qxb1 {Black resigns} 1-0

[Event "Team 45 45 League T35"]
[Site "Internet Chess Club"]
[Date "2007.10.19"]
[Round "1"]
[White "Amauta"]
[Black "HocusPocus"]
[Result "0-1"]
[WhiteElo "1994"]
[BlackElo "2113"]
[Opening "Sicilian"]
[ECO "B55"]
[Time "10:25:34"]
[TimeControl "2700+45"]

1. e4 c5 2. Nf3 d6 3. d4 cxd4 4. Nxd4 Nf6 5. Bd3 a6 6. a4 Nc6 7. c3 g6 8. O-O
Bg7 9. Na3 Nd7 10. Nxc6 bxc6 11. Kh1 a5 12. Qe2 Ne5 13. Rd1 Nxd3 14. Qxd3 O-O
15. f4 Ba6 16. Qf3 Qb6 17. Nc2 c5 18. Ne3 e6 19. f5 exf5 20. exf5 Bb7 21. Nd5
Qd8 22. f6 Bxd5 23. Rxd5 Qxf6 24. Qxf6 Bxf6 25. Rxd6 Rfe8 26. Bf4 Be5 27. Bxe5
Rxe5 28. Rb6 Rd8 29. Rb5 Rd2 30. b4 axb4 31. cxb4 Ree2 32. Rg1 cxb4 33. Rxb4 Ra2
34. h3 Kg7 35. Kh2 h5 36. h4 Kh6 37. Kg3 Ra3+ 38. Kf4 f6 39. Rc4 Rea2 40. g3
Rxa4 41. Rc1 Ra5 42. Rc6 Rf5+ 43. Ke4 Re2+ 44. Kd4 Rd2+ 45. Ke4 Re5+ 46. Kf3
Rd3+ 47. Kg2 Re2+ 48. Kf1 Rh2 49. R6c3 Rdd2 50. Kg1 g5 51. hxg5+ Kxg5 52. Ra1 f5
53. Ra8 Rhg2+ 54. Kf1 Rdf2+ 55. Ke1 Kg4 56. Rg8+ Kh3 57. Rg5 Kh2 58. Rc5 Ra2 59.
Rxh5+ Kg1 60. Kd1 Rgf2 {White resigns} 0-1

[Event "Team 45 45 League T35"]
[Site "Internet Chess Club"]
[Date "2007.10.19"]
[Round "1"]
[White "Extremophile"]
[Black "gyoung"]
[Result "1-0"]
[WhiteElo "2199"]
[BlackElo "2186"]
[Opening "Dutch, Korchnoi attack"]
[ECO "A80"]
[Time "23:11:13"]
[TimeControl "2700+45"]

1. d4 f5 2. h3 Nf6 3. g4 d5 4. g5 Nfd7 5. Bf4 c5 6. e3 e6 7. Nc3 a6 8. Nge2 Nc6
9. Bg2 b5 10. a3 Bb7 11. Qd3 Qa5 12. O-O c4 13. Qd2 Be7 14. f3 O-O 15. e4 fxe4
16. fxe4 dxe4 17. d5 Qb6+ 18. Kh1 Nce5 19. Rad1 Nf3 20. Qe3 Qxe3 21. Bxe3 exd5
22. Nxd5 Bxd5 23. Rxd5 Nde5 24. Nc3 Rf5 25. Nxe4 Raf8 26. Nd6 Bxd6 27. Rxd6 c3
28. b3 Nf7 29. Rc6 N7xg5 30. Bxg5 Nxg5 31. Rxf5 Rxf5 32. Rxc3 Rf6 33. h4 Ne6 34.
Bd5 Kf8 35. Rc6 Nd4 36. Rxf6+ gxf6 37. Be4 h6 38. Kg2 Ke7 39. Kf2 Kd6 40. Ke3
Ke5 41. Bd3 f5 42. c4 f4+ 43. Kf2 Kd6 44. cxb5 axb5 45. a4 b4 46. Bc4 Ke5 47. a5
Ke4 48. a6 Nc6 49. Bb5 Na7 50. Bd7 Ke5 51. Kf3 Kd6 52. Bh3 Ke5 53. Bd7 Kd6 54.
Be8 Ke5 55. Ba4 Kf5 56. Be8 Ke5 57. Bf7 Kf5 58. Bd5 Ke5 59. Be4 Nb5 60. Bb7 Kf5
61. Bc8+ Ke5 62. Bd7 Na7 63. Kg4 Ke4 64. Kh5 Ke5 65. Kxh6 Kf6 66. Bg4 Nc6 67.
Bf3 Na7 68. Kh7 Kf7 69. Bd5+ Kf6 70. h5 Ke5 71. Bf3 Kf6 72. h6 Kf7 73. Bd5+ Kf8
74. Kg6 f3 75. h7 f2 76. h8=Q+ Ke7 77. Qf6+ Kd7 78. Qxf2 Nc8 79. a7 Nxa7 80.
Qxa7+ Kd6 81. Qb8+ Kxd5 82. Qxb4 Kc6 83. Qa5 Kb7 84. Kf6 Kc6 85. Ke6 Kb7 86. Kd6
Kb8 87. Qc7+ Ka8 88. Qh7 Kb8 89. Kc6 Ka8 90. Qb7# {Black checkmated} 1-0

Ophidian you have 24 hours to appeal the decision.

[Event "Team 45 45 League T35"]
[Site "Internet Chess Club"]
[Date "2007.10.21"]
[Round "1"]
[White "EUPHRATES"]
[Black "DctSccr"]
[Result "0-1"]
[WhiteElo "2075"]
[BlackElo "2132"]
[Opening "French: Tarrasch, Guimard main line"]
[ECO "C04"]
[Time "11:03:25"]
[TimeControl "2700+45"]

1. e4 e6 2. d4 d5 3. Nd2 Nc6 4. Ngf3 Nf6 5. e5 Nd7 6. c3 f6 7. exf6 Qxf6 8. Be2
e5 9. dxe5 Ndxe5 10. O-O Bd6 11. Nb3 Be6 12. Nbd4 Nxd4 13. Nxd4 O-O 14. Be3 a6
15. Qd2 Bd7 16. Rad1 c6 17. c4 Ng4 18. Nf3 Nxe3 19. fxe3 Be6 20. e4 Bc5+ 21. Kh1
dxe4 22. Ng5 Qe5 23. Nxe6 Qxe6 24. Qg5 Bf2 25. b3 Rae8 26. c5 Rf5 27. Qg4 Qe5
28. Bc4+ Kh8 29. Rd7 Ref8 30. Rfd1 Bxc5 31. Rd8 b5 32. Be2 Rf2 33. Qc8 h5 34.
Rxf8+ Bxf8 35. Rf1 Rxf1+ 36. Bxf1 Qf6 37. Kg1 e3 38. h4 Qf2+ {White resigns} 0-1

[Event "Team 45 45 League T35"]
[Site "Internet Chess Club"]
[Date "2007.10.20"]
[Round "1"]
[White "Guinness"]
[Black "killer21"]
[Result "0-1"]
[WhiteElo "2246"]
[BlackElo "2322"]
[Opening "Sicilian: Canal-Sokolsky attack, Bronstein gambit"]
[ECO "B52"]
[Time "06:07:12"]
[TimeControl "2700+45"]

1. e4 c5 2. Nf3 d6 3. Bb5+ Bd7 4. Bxd7+ Qxd7 5. O-O Nc6 6. c3 Nf6 7. d4 e5 8.
Re1 Be7 9. dxe5 dxe5 10. Qxd7+ Nxd7 11. Nbd2 O-O 12. a4 Na5 13. Nf1 c4 14. Be3
f6 15. Rad1 Rfd8 16. Rd5 b6 17. Red1 Nf8 18. g4 Rxd5 19. Rxd5 Rd8 20. Rxd8 Bxd8
21. Ng3 Kf7 22. Nf5 Be7 23. h4 Ne6 24. Kf1 Nb3 25. Nd2 Nxd2+ 26. Bxd2 Nc5 27.
Ne3 Nxa4 28. Nxc4 b5 29. Ne3 Nxb2 30. Nd5 Nc4 31. Bc1 Bd6 32. Ke2 a5 33. Kd3 Ke6
34. h5 g6 35. hxg6 hxg6 36. Bh6 g5 37. Bg7 Be7 38. Nc7+ Kf7 39. Nxb5 Nd6 40.
Nxd6+ Bxd6 41. Bh8 Be7 42. Kc4 a4 {White resigns} 0-1

[Event "Team 45 45 League T35"]
[Site "Internet Chess Club"]
[Date "2007.10.21"]
[Round "1"]
[White "valipop"]
[Black "kingcapture"]
[Result "1/2-1/2"]
[WhiteElo "2104"]
[BlackElo "2272"]
[Opening "Sicilian: Alapin's variation (2.c3)"]
[ECO "B22"]
[Time "10:17:10"]
[TimeControl "2700+45"]

1. e4 c5 2. c3 d5 3. exd5 Qxd5 4. d4 Nf6 5. Nf3 Bg4 6. Be2 e6 7. O-O Nc6 8. Bf4
Be7 9. h3 Bh5 10. a4 O-O 11. Na3 cxd4 12. cxd4 Bxf3 13. Bxf3 Qxd4 14. Qc1 Nd5
15. Bg3 Ne5 16. Bxe5 Qxe5 17. Re1 Qf6 18. Bxd5 exd5 19. Qe3 Bb4 20. Re2 h6 21.
Qb3 Bxa3 22. Rxa3 Qc6 23. Rc2 Qd7 24. Rc5 Rad8 25. a5 Rfe8 26. Ra1 d4 27. Qd3
Rc8 28. Rb5 Rc6 29. Rd1 Rd8 30. Rb3 Rc5 31. Qf3 Qc6 32. Qf4 Rg5 33. g3 Rxa5 34.
Rc1 Qd5 35. Rf3 d3 36. Rd1 Ra4 37. Rfxd3 Rxf4 38. Rxd5 Rxd5 39. Rxd5 Rb4 40. Rd2
Kf8 41. Kf1 Ke7 42. Ke2 Rb3 43. Kd1 Ke6 44. Kc2 Rb5 45. Kc3 Rd5 46. Re2+ Kd6 47.
Re8 Rc5+ 48. Kd3 Rb5 49. Kc3 Rf5 50. f4 Rh5 51. h4 Rc5+ 52. Kd3 Rb5 53. Kc3 h5
54. b3 g6 55. Kc4 Rc5+ 56. Kd4 Rc7 57. Re5 f6 58. Re8 Rg7 59. Ra8 b6 60. Rf8 Ke6
61. Ke4 Re7 62. Rh8 Rc7 63. Re8+ Kf7 64. Ra8 Rc3 65. Rxa7+ Ke6 66. f5+ gxf5+ 67.
Kf4 Rxb3 68. Rh7 b5 69. Rxh5 Rb1 70. Rh7 b4 71. Rb7 b3 72. Rb6+ Kd5 73. Kxf5 b2
74. Kg6 Ke5 75. Rb5+ Ke4 76. h5 f5 77. Rxf5 Rg1 78. Rb5 b1=Q 79. Rxb1 Rxb1 80.
h6 Rb6+ 81. Kg5 Rb5+ 82. Kg6 Rb6+ 83. Kg5 Rb7 84. Kg6 Rb6+ 85. Kg5 Rb7 86. Kg6
Rb6+ {Game drawn by repetition} 1/2-1/2

[Event "Team 45 45 League T35"]
[Site "Internet Chess Club"]
[Date "2007.10.20"]
[Round "1"]
[White "onslaught"]
[Black "Terte"]
[Result "1/2-1/2"]
[WhiteElo "2208"]
[BlackElo "2137"]
[Opening "Sicilian: Richter-Rauzer, Rauzer attack, 7...Be7"]
[ECO "B63"]
[Time "14:39:33"]
[TimeControl "2700+45"]

1. e4 c5 2. Nf3 Nc6 3. d4 cxd4 4. Nxd4 Nf6 5. Nc3 d6 6. Bg5 e6 7. Qd2 Be7 8.
O-O-O a6 9. f4 Qc7 10. Be2 Bd7 11. Bf3 O-O 12. Kb1 Rac8 13. Nb3 Rfd8 14. Bxf6
gxf6 15. h4 b5 16. h5 b4 17. Ne2 Kh8 18. Nbd4 Nxd4 19. Nxd4 a5 20. g4 a4 21.
Rhg1 a3 22. b3 e5 23. Nf5 Bxf5 24. gxf5 Bf8 25. Rg2 Bh6 26. Qxb4 Bxf4 27. Rd5
{Game drawn by mutual agreement} 1/2-1/2

[Event "Team 45 45 League T35"]
[Site "Internet Chess Club"]
[Date "2007.10.22"]
[Round "1"]
[White "andreip"]
[Black "fledermaus"]
[Result "1-0"]
[WhiteElo "2071"]
[BlackElo "1971"]
[Opening "QGD: 3...Nf6"]
[ECO "D35"]
[Time "15:25:40"]
[TimeControl "2700+45"]

1. d4 d5 2. c4 e6 3. Nc3 Nf6 4. e3 Be7 5. Nf3 O-O 6. Bd3 c5 7. cxd5 cxd4 8. Nxd4
exd5 9. O-O Nc6 10. Qb3 Be6 11. Qxb7 Nb4 12. Nc6 Nxc6 13. Qxc6 Rc8 14. Qa4 Bd6
15. Qxa7 Ng4 16. h3 Qh4 17. Qb7 Bh2+ 18. Kh1 Rxc3 19. bxc3 Bb8 20. Rb1 g5 21.
Ba3 Nxf2+ 22. Rxf2 Qxf2 23. Bxf8 Be5 24. Bh6 f5 25. Qe7 {Black resigns} 1-0

[Event "Team 45 45 League T35"]
[Site "Internet Chess Club"]
[Date "2007.10.22"]
[Round "1"]
[White "playwaycool05"]
[Black "NFork"]
[Result "0-1"]
[WhiteElo "2267"]
[BlackElo "2317"]
[Opening "Robatsch (modern) defense"]
[ECO "A40"]
[Time "00:06:23"]
[TimeControl "2700+45"]

1. d4 g6 2. e4 Bg7 3. c3 d6 4. Bd3 Nd7 5. Ne2 e5 6. f4 Qh4+ 7. g3 Qh3 8. Ng1 Qe6
9. fxe5 dxe5 10. Nf3 Ngf6 11. O-O c6 12. b3 O-O 13. Ba3 Re8 14. Bc4 Qg4 15. Nxe5
Nxe5 16. dxe5 Qxd1 17. Rxd1 Nxe4 18. Rf1 Bf5 19. g4 Be6 20. Bd3 Bd5 21. c4 Bxe5
22. cxd5 Bxa1 23. dxc6 bxc6 24. Bc4 Nf6 25. g5 Bd4+ 26. Kh1 Nd5 27. Nd2 Be3 28.
Nf3 Nb6 29. Ba6 Rad8 30. Bb2 Rd5 31. Bb7 Re6 32. h4 h6 33. a4 hxg5 34. hxg5 Bxg5
35. Nd4 Re4 36. Nf3 Re2 37. Bxc6 Rf5 38. Rb1 Be3 39. Be5 Rh5+ 40. Bh2 Bf4 41. a5
Nc8 42. Rd1 Ne7 43. Bb7 Nf5 44. Kg1 Ne3 45. Rd8+ Kg7 46. Kh1 Rhxh2+ 47. Nxh2
Re1+ {White resigns} 0-1

[Event "Team 45 45 League T35"]
[Site "Internet Chess Club"]
[Date "2007.10.20"]
[Round "1"]
[White "JustinSane"]
[Black "gracey"]
[Result "1-0"]
[WhiteElo "2181"]
[BlackElo "2125"]
[Opening "Queen's pawn, Mason variation, Steinitz counter-gambit"]
[ECO "D00"]
[Time "16:46:21"]
[TimeControl "2700+45"]

1. d4 d5 2. Bf4 c5 3. e4 dxe4 4. d5 Qb6 5. Nc3 Qxb2 6. Nb5 Na6 7. a3 Nf6 8. Bc4
Nxd5 9. Rb1 Qf6 10. Qxd5 Qxf4 11. Rd1 Bg4 12. Qxb7 Rd8 13. Qc6+ Bd7 14. Qxa6 e6
15. Ne2 Qb8 16. Nec3 Qe5 17. O-O e3 18. f4 Qb8 19. f5 exf5 20. Nd5 Be7 21. Rf3
Bxb5 22. Bxb5+ Kf8 23. Rxe3 Bg5 24. Re2 g6 25. c4 Kg7 26. Qa5 Bf6 27. Rde1 Bd4+
28. Kh1 a6 29. Qxa6 Rd6 30. Qa5 Rc8 31. a4 h6 32. Qd2 Rdd8 33. Re7 Rh8 34. Qe2
Rhf8 35. a5 Rcd8 36. a6 Qd6 37. a7 Kh8 38. Re8 f4 39. Rxf8+ Qxf8 40. Qe8 {Black
resigns} 1-0

[Event "Team 45 45 League T35"]
[Site "Internet Chess Club"]
[Date "2007.10.27"]
[Round "1"]
[White "taulanipov"]
[Black "gorgon"]
[Result "1/2-1/2"]
[WhiteElo "2046"]
[BlackElo "2101"]
[Opening "Sicilian: closed"]
[ECO "B23"]
[Time "05:14:36"]
[TimeControl "2700+45"]

1. e4 c5 2. Nc3 a6 3. g3 Nc6 4. Bg2 g6 5. d3 Bg7 6. Be3 d6 7. Qd2 Bd7 8. f4 Nf6
9. h3 h5 10. Nf3 b5 11. e5 b4 12. Ne2 Nd5 13. Bf2 Qc8 14. Ng5 Nc7 15. exd6 exd6
16. Ne4 Nb5 17. c4 bxc3 18. N2xc3 Qb8 19. O-O O-O 20. Kh2 Nbd4 21. Nd5 f5 22.
Ng5 Qd8 23. Ne3 Rb8 24. Nc4 Ne7 25. Bxd4 Bxd4 26. Rae1 d5 27. Rxe7 Qxe7 28.
Bxd5+ Kh8 29. Re1 Qf6 30. Re2 Rbe8 31. Nf3 Rxe2+ 32. Qxe2 Bc6 33. Bxc6 Qxc6 34.
Nfe5 Qe6 35. b3 Kg7 36. h4 Bxe5 37. Nxe5 Qd5 38. Qb2 Qd4 39. Qg2 Kh6 40. Kh3 Rd8
41. Nf7+ Kg7 42. Nxd8 Qxd8 43. Qb7+ Kh6 44. Qxa6 Qd4 45. Qc4 Qg1 46. Qd5 Qf1+
47. Qg2 Qxd3 48. Qb2 Kh7 49. Kg2 Qe4+ 50. Kf2 Qh1 51. Qe2 Qh2+ 52. Kf3 Qh1+ 53.
Qg2 Qd1+ 54. Kf2 Qd4+ 55. Kf1 Qd1+ 56. Kf2 Qd4+ {Game drawn by mutual agreement}
1/2-1/2

[Event "Team 45 45 League T35"]
[Site "Internet Chess Club"]
[Date "2007.10.20"]
[Round "1"]
[White "The7thGuest"]
[Black "Tigram"]
[Result "0-1"]
[WhiteElo "2065"]
[BlackElo "1960"]
[Opening "Sicilian: Kan, Maróczy bind (Réti variation)"]
[ECO "B40"]
[Time "10:01:34"]
[TimeControl "2700+45"]

1. e4 c5 2. Nf3 e6 3. c4 a6 4. d4 cxd4 5. Nxd4 Nf6 6. Nc3 Bb4 7. Bd3 Nc6 8. Nxc6
dxc6 9. O-O e5 10. h3 h6 11. f4 Bc5+ 12. Kh2 Ng4+ 13. Kg3 Ne3 14. Bxe3 Bxe3 15.
fxe5 Qg5+ 16. Kh2 Bf4+ 17. Kh1 Qg3 18. Kg1 Qh2+ 19. Kf2 Qg3+ 20. Kg1 Qh2+ 21.
Kf2 Bxe5 22. Qf3 Bd4+ 23. Ke2 Be6 24. Kd2 O-O 25. Kc2 b5 26. Ne2 bxc4 27. Nxd4
cxd3+ 28. Kxd3 Rad8 29. Ke3 Qc7 30. b3 Qb6 31. Rad1 Rd6 32. Rd2 Rfd8 33. Rfd1
Qc5 34. Qf2 f5 35. exf5 Qe5+ 36. Kf3 Bd5+ 37. Kg4 Rg6+ 38. Kh5 Rg5+ 39. Kh4 Qf6
{White resigns} 0-1

[Event "Team 45 45 League T35"]
[Site "Internet Chess Club"]
[Date "2007.10.19"]
[Round "1"]
[White "alegro"]
[Black "Zeus815"]
[Result "1-0"]
[WhiteElo "2133"]
[BlackElo "2224"]
[Opening "Ruy Lopez: closed, Chigorin defense"]
[ECO "C97"]
[Time "23:22:34"]
[TimeControl "2700+45"]

1. e4 e5 2. Nf3 Nc6 3. Bb5 a6 4. Ba4 Nf6 5. O-O Be7 6. Re1 b5 7. Bb3 d6 8. c3
O-O 9. h3 Na5 10. Bc2 c5 11. d4 Qc7 12. d5 Nc4 13. b3 Nb6 14. Nbd2 Ne8 15. g4 c4
16. b4 a5 17. a4 bxa4 18. b5 Bd7 19. Bxa4 g6 20. Nf1 f5 21. exf5 gxf5 22. Nd4
exd4 23. Rxe7 Qd8 24. Bg5 Nf6 25. Rxd7 Nbxd7 26. Qxd4 Qb6 27. Ne3 Qxd4 28. cxd4
fxg4 29. hxg4 Ne4 30. Bh4 Nb6 31. Bc2 Nc3 32. Be7 Rfe8 33. Bxd6 Ne2+ 34. Kg2
Nxd4 35. Bd1 Nxb5 36. Bc5 Nd7 37. Ba4 Rab8 38. Ba7 Rb7 39. Bxb5 Rxb5 40. Nxc4
Ra8 41. Be3 Rxd5 42. Ra4 Rb5 43. Bd2 Ne5 44. Ne3 Nd3 45. Nc4 Rf8 46. f3 Rc5 47.
Be3 Rcc8 48. Kg3 Ne1 49. f4 Rfe8 50. Bd4 Red8 51. Nxa5 Ra8 52. Bb6 Rd6 53. Bc7
Rd7 54. Bb6 Rd6 55. Bc7 Rd7 56. Bb6 Nd3 57. Re4 Nb2 58. f5 Ra6 59. Re6 Na4 60.
Nc4 Rb7 61. Re8+ Kf7 62. Nd6+ Kg7 63. Bd4+ Kh6 64. Re6+ Kg5 65. Be3# {Black
checkmated} 1-0